 Dungeon Crawl Stone Soup version 0.20.1-1-g8b1a95d66d (webtiles) character file.

339 Squeewockle the Skirmisher (level 6, 0/53 HPs)
             Began as a Draconian Berserker on Dec 22, 2017.
             Was a Priest of Trog.
             Slain by a gnoll
             ... wielding a +0 halberd
              (1 damage)
             ... on level 3 of the Dungeon.
             The game lasted 00:19:54 (2997 turns).

Squeewockle the Skirmisher (Draconian Berserker)    Turns: 2997, Time: 00:19:54

Health: 0/53       AC:  6    Str: 20 (21) XL:     6   Next: 29%
Magic:  6/6        EV: 13    Int:  6 (7)  God:    Trog [***...]
Gold:   148        SH:  0    Dex: 10 (11) Spells: 5/5 levels left

rFire    . . .     SeeInvis .   i - +0 mace (protect)
rCold    . . .     Gourm    .   (no shield)
rNeg     . . .     Faith    +   (armour unavailable)
rPois    .         Spirit   .   (helmet restricted)
rElec    .         Reflect  .   (no cloak)
rCorr    .         Harm     .   (no gloves)
MR       .....                  (no boots)
Stlth    ++........             f - amulet of faith
Regen    0.2/turn               (no ring)
MPRegen  0.1/turn               (no ring)

@: berserk cooldown, slowed, very slow
A: unfitting armour, cold-blooded, AC +6
a: Berserk, Trog's Hand, Burn Spellbooks, Renounce Religion


You were on level 3 of the Dungeon.
You worshipped Trog.
Trog was most pleased with you.
You were not hungry.

You visited 1 branch of the dungeon, and saw 3 of its levels.

You collected 148 gold pieces.

Inventory:

Hand Weapons
 a - a +0 hand axe
 i - a +0 mace of protection (weapon)
 m - a +0 hunting sling
Missiles
 d - 25 bolts
 e - 43 arrows
Armour
 k - a +0 ring mail
 q - a +0 chain mail
 u - a +0 scale mail
Jewellery
 f - an amulet of faith (around neck)
 r - an uncursed amulet of magic regeneration {unknown}
Scrolls
 c - 3 scrolls of remove curse
 h - 3 scrolls of identify
 n - a scroll of magic mapping
Comestibles
 b - 2 bread rations
 j - 7 fruits
 o - a royal jelly


   Skills:
 + Level 4.7 Fighting
 + Level 3.5(4.1) Axes
 + Level 3.3(4.1) Maces & Flails
 + Level 4.0 Dodging
 + Level 1.6 Stealth


You had 5 spell levels left.
You didn't know any spells.

Dungeon Overview and Level Annotations

Branches:
Dungeon (3/15)

Altars:


Innate Abilities, Weirdness & Mutations

Your plain brown scales are hard. (AC +6)
You cannot fit into any form of body armour.
You are cold-blooded and may be slowed by cold attacks.


Message History

The gnoll shouts!
The jackal barks!
Things that are here:
an enchanted spear; a spear; a gnoll corpse You barely miss the gnoll.
The gnoll hits you but does no damage. The gnoll barely misses you.
You sock the gnoll!
The gnoll is severely wounded.
The gnoll misses you.
You barely miss the gnoll.
The gnoll is severely wounded.
The gnoll misses you. The gnoll barely misses you.
You completely miss the gnoll.
Your tail-slap misses the gnoll.
The gnoll is severely wounded.
The gnoll misses you.
You completely miss the gnoll.
The gnoll is severely wounded.
The gnoll hits you with a halberd!
* * * LOW HITPOINT WARNING * * *
The gnoll hits you with a halberd.
You die...

#########.)######################
.................................
≈≈≈≈≈≈≈≈....≈≈≈≈≈≈≈≈≈≈≈≈≈≈≈≈≈≈≈..
≈≈≈≈≈≈≈≈....≈≈≈≈≈≈≈≈≈≈≈≈≈≈≈≈≈≈≈..
≈≈≈≈≈≈≈≈....≈≈≈≈≈≈≈≈≈≈≈≈#####≈≈..
........................#gg.#≈≈..
########''''#############...#≈≈..
#..hg#######))...#g###≈≈..
+.ggggggg@))))...#.#.≈≈≈..
#..gg#######.....# #.≈≈≈.. ##''##
####### #.≈≈≈..


gg.. #.≈≈≈.. ..ggg #.≈≈≈.. .gg.g #.≈≈≈.. ..g. #.≈≈≈.. #### #.≈≈≈.. #+###≈≈.. You
could see 10 gnolls and a jackal.

Vanquished Creatures
  A gnoll sergeant (D:3)
  An adder (D:2)
  19 gnolls (D:3)
  A worm (D:3)
  2 dart slugs (D:1)
  A leopard gecko (D:2)
  3 orcs (D:3)
  2 ball pythons (D:1)
  3 bats
  2 giant cockroaches (D:1)
  5 goblins
  4 hobgoblins
  23 jackals
  2 frilled lizards (D:1)
  8 kobolds
  4 rats
  6 plants (D:3)
87 creatures vanquished.

Notes
Turn   | Place    | Note
-------+----------+-------------------------------------------
     0 | D:1      | Squeewockle the Draconian Berserker began the quest for the Orb.
     0 | D:1      | Reached XP level 1. HP: 19/19 MP: 1/1
   105 | D:1      | Reached XP level 2. HP: 25/26 MP: 2/2
   532 | D:1      | Reached ** piety under Trog
   669 | D:1      | Reached XP level 3. HP: 33/33 MP: 3/3
  1665 | D:2      | Reached skill level 1 in Maces & Flails
  2104 | D:3      | Found a faded altar of an unknown god.
  2266 | D:3      | Reached XP level 4. HP: 40/40 MP: 4/4
  2634 | D:3      | Reached *** piety under Trog
  2886 | D:3      | Reached XP level 5. HP: 46/46 MP: 5/5
  2941 | D:3      | Reached skill level 1 in Stealth
  2977 | D:3      | Reached XP level 6. HP: 13/53 MP: 6/6
  2997 | D:3      | HP: 1/53 [gnoll/halberd (7)]
  2997 | D:3      | Slain by a gnoll

Skill      XL: |  1  2  3  4  5 |
---------------+----------------+-----
Dodging        | 3 4 |  4.0
Fighting       | 4 |  4.7
Maces & Flails | 1 2 3 |  3.3
Stealth        | 1 |  1.6
Axes           | |  3.5

Action                   |  1- 3 |  4- 6 || total
-------------------------+-------+-------++-------
Melee: Hand axe          |    16 |       ||    16
       Tailslap          |    17 |    74 ||    91
       Mace              |    97 |   298 ||   395
Invok: Berserk           |     1 |     3 ||     4
       Trog's Hand       |       |     1 ||     1
  Use: Scroll            |     5 |       ||     5
       Potion            |     1 |     4 ||     5
  Eat: Chunk             |     3 |       ||     3
       Bread ration      |     1 |     1 ||     2
Armor: Skin              |    54 |    58 ||   112
Dodge: Dodged            |   109 |   113 ||   222
